Construct Weapon Support Center
Selects Special Operations Battlegroup
Selects M29 Weasel with M1 Pack Howitzer
M29 Weasel with M1 Pack Howitzer
Construct Medical Station
Selects P-47 Anti-Infantry Loiter
P-47 Anti-Infantry Loiter
Selects UNKNOWN (2162291)
M1918 Browning Automatic Rifles
P-47 Anti-Infantry Loiter
Selects SSF Commando Squad
Selects Assault Operation
Improved M9 Bazooka Rockets
P-47 Anti-Infantry Loiter
M18 Hellcat Tank Destroyer